 Dungeon Crawl Stone Soup version 0.29-a0-553-g81b289dbe5 (webtiles) character file.

Game seed: 4760899124849967520

183860 Pooter the Executioner (level 17, -5/240 HPs)
             Began as a Minotaur Berserker on June 5, 2022.
             Was a High Priest of Trog.
             Killed from afar by Aizul (15 damage)
             ... with a poison arrow
             ... on level 2 of the Shoals on June 6, 2022.
             The game lasted 03:21:03 (28404 turns).

Pooter the Executioner (Minotaur Berserker)        Turns: 28404, Time: 03:21:04

Health: -5/240     AC: 37    Str: 35    XL:     17   Next: 76%
Magic:  16/16      EV: 12    Int: 18    God:    Trog [*****.]
Gold:   1341       SH:  0    Dex: 13    Spells: 16/16 levels left

rFire   . . .      SeeInvis +   a - +5 broad axe (flame)
rCold   . . .      Faith    .   (no shield)
rNeg    + . .      Spirit   .   q - +8 plate armour
rPois   +          Reflect  .   I - +2 hat
rElec   .          Harm     .   J - +2 cloak of Context {Int+4 Slay+3}
rCorr   .          Rampage  .   X - +1 pair of gloves {Dex+3}
Will    ++++.                   M - +2 pair of boots
Stlth   ..........              T - amulet of Quruima {RegenMP Fly Regen+ Str+3 Int+2 SInv}
HPRegen 2.30/turn               z - +4 ring of slaying
MPRegen 0.55/turn               P - ring of the Clam {rPois rN+ Str+4 Int+4}

@: berserking (expiring), lethally poisoned (-5 -> -7), strong-willed, flying,
regenerating, studying Invocations, very quick
A: horns 2, retaliatory headbutt, clever 1, strong-willed 1
a: Renounce Religion, Berserk, Trog's Hand, Brothers in Arms


You were on level 2 of the Shoals.
You worshipped Trog.
Trog was extremely pleased with you.
You visited 4 branches of the dungeon, and saw 26 of its levels.
You visited the Abyss 1 time.
You also visited: Sewer, Bailey and Ice Cave.

You collected 3927 gold pieces.
You spent 2586 gold pieces at shops.

Inventory:

Hand Weapons
 a - a +5 broad axe of flaming (weapon)
   (You acquired it on level 2 of the Orcish Mines)
 b - a +1 hand crossbow of flaming
   (You found it on level 11 of the Dungeon)
 y - a +5 antimagic dire flail
   (Trog gifted it to you on level 2 of the Orcish Mines)
 Q - a +1 executioner's axe of draining
   (You found it on level 6 of the Lair of Beasts)
Missiles
 c - 7 silver javelins
 i - 2 silver boomerangs
 k - 6 atropa-tipped darts
 B - 35 poisoned darts
 H - 5 boomerangs
 L - 19 javelins (quivered)
Armour
 q - a +8 plate armour (worn)
   (You found it on level 2 of the Dungeon)
 I - a +2 hat (worn)
   (You took it off Gastronok on level 1 of the Lair of Beasts)
 J - the +2 cloak of Context (worn) {Int+4 Slay+3}
   (You bought it in a shop on level 10 of the Dungeon)

   Int:       It affects your intelligence (+4).
   Slay:      It affects your accuracy & damage with ranged weapons and melee
   (+3).
 M - a +2 pair of boots (worn)
   (You found it on level 7 of the Dungeon)
 X - a +1 pair of gloves of dexterity (worn)
   (You found it on level 12 of the Dungeon)
Jewellery
 g - a ring of willpower
   (You took it off a death knight on level 12 of the Dungeon)
 s - a ring of flight
   (You found it on level 3 of the Dungeon)
 z - a +4 ring of slaying (left hand)
   (You found it on level 12 of the Dungeon)
 C - a ring of resist corrosion
   (You found it on level 12 of the Dungeon)
 E - a +6 ring of strength
   (You found it on level 6 of the Dungeon)
 G - an amulet of reflection
   (You found it on level 6 of the Dungeon)
 P - the ring of the Clam (right hand) {rPois rN+ Str+4 Int+4}
   (You bought it in a shop on level 1 of the Shoals)

   [ring of poison resistance]

   Str:       It affects your strength (+4).
   Int:       It affects your intelligence (+4).
   rPois:     It protects you from poison.
   rN:        It protects you from negative energy.
 S - the ring of Tatricaa {rPois Str+4 Dex+2}
   (You bought it in a shop on level 4 of the Dungeon)

   [ring of poison resistance]

   Str:       It affects your strength (+4).
   Dex:       It affects your dexterity (+2).
   rPois:     It protects you from poison.
 T - the amulet of Quruima (around neck) {RegenMP Fly Regen+ Str+3 Int+2 SInv}
   (You found it on level 9 of the Dungeon)

   [amulet of magic regeneration]

   It increases your rate of magic regeneration.
   Str:       It affects your strength (+3).
   Int:       It affects your intelligence (+2).
   SInv:      It lets you see invisible.
   Fly:       It grants you flight.
   Regen:     It increases your rate of health regeneration.
Wands
 d - a wand of iceblast (21)
   (You found it in an ice cave)
 f - a wand of flame (16)
   (You found it on level 2 of the Lair of Beasts)
 n - a wand of polymorph (12)
   (You found it on level 7 of the Dungeon)
 u - a wand of paralysis (16)
   (You found it on level 7 of the Dungeon)
 x - a wand of acid (10)
   (You found it on level 10 of the Dungeon)
 D - a wand of digging (27)
   (You found it on level 9 of the Dungeon)
 Z - a wand of mindburst (19)
   (You took it off Pikel on level 5 of the Dungeon)
Scrolls
 e - 3 scrolls of fog
 r - 4 scrolls of immolation {!r}
 t - 16 scrolls of teleportation {@r4}
 w - 4 scrolls of fear
 A - a scroll of summoning
 F - 3 scrolls of silence
 O - 3 scrolls of blinking
 U - 7 scrolls of poison {!r}
Potions
 h - 3 potions of resistance
 j - 3 potions of mutation {!q}
 l - 2 potions of heal wounds {@q2}
 m - 5 potions of haste {@q3}
 o - 4 potions of flight
 p - 5 potions of lignification {!q}
 K - 4 potions of attraction {!q}
 N - 7 potions of might
 W - a potion of invisibility
 Y - 9 potions of curing {@q1}
Miscellaneous
 v - a phantom mirror
   (You found it on level 3 of the Lair of Beasts)
 R - a condenser vane
   (You found it on level 15 of the Dungeon)
 V - a phial of floods
   (You found it in an ice cave)


   Skills:
 + Level 16.9 Fighting
 - Level 21.1 Axes
 - Level 6.8(6.9) Slings
 - Level 10.7 Crossbows
 + Level 1.7(4.3) Throwing
 + Level 16.0 Armour
 + Level 8.3 Dodging
 + Level 6.0 Stealth
 - Level 7.4 Shields
 - Level 10.0 Evocations


You had 16 spell levels left.
You didn't know any spells.
Your spell library was empty.

Dungeon Overview and Level Annotations

Branches:
Dungeon (15/15)            Temple (0/1) D:6            Lair (6/6) D:10
 Shoals (3/4) Lair:3       Spider (0/4) Lair:4        Slime (0/5) Lair:6
    Orc (2/2) D:9             Elf (0/3) Orc:2        Vaults (0/5) D:14
 Depths (0/4) D:15          Sewer (visited)          Bailey (visited)
  IceCv (visited)

Altars:
Fedhas
Okawaru
Vehumet
Zin
The Shining One
Jiyva

Shops:
D:4 =*   D:10 [   D:12 (   Orc:2 ?*?*?   Shoals:1 =

Portals:
Abyss: Orc:1
Trove: D:12 (show slimy rune of Zot)

Annotations:
Shoals:2 Aizul


Innate Abilities, Weirdness & Mutations

You have a pair of horns on your head.
You reflexively headbutt those who attack you in melee.
Your mind is acute. (Int +2)
You are strong-willed. (Will+)


Message History

You closely miss the merfolk impaler. You slice the water elemental!!
You burn the water elemental.
You destroy the water elemental!
Trog accepts your kill.
You miss Aizul.
You feel sick. Aizul casts a spell at you. The bolt of poison misses you.
The merfolk impaler hits you but does no damage.
Aizul coils herself and waves her upper body at you.
The poison arrow hits you!
You are more poisoned.
You partially resist.
* * * LOW HITPOINT WARNING * * *
A red film seems to cover your vision as you go berserk!
You feel yourself moving faster!
You feel mighty!
You feel very sick.
The satyr shoots an arrow.
The arrow hits you!
* * * LOW HITPOINT WARNING * * *
The merfolk impaler hits you with a +1 trident of protection!
* * * LOW HITPOINT WARNING * * *
The alligator snapping turtle bites you from afar!!
* * * LOW HITPOINT WARNING * * *
Aizul hits you!
* * * LOW HITPOINT WARNING * * *
The merfolk impaler completely misses you.
You feel a strong urge to attack something.
You feel sick. Aizul hits you but does no damage.
The satyr shoots an arrow.
The arrow hits you!
* * * LOW HITPOINT WARNING * * *
The merfolk impaler hits you but does no damage.
The alligator snapping turtle bites you but does no damage.
There is a stone staircase leading up here.
You feel sick. Aizul hits you!
* * * LOW HITPOINT WARNING * * *
The merfolk impaler misses you.
The satyr shoots an arrow.
The arrow hits you!
* * * LOW HITPOINT WARNING * * *
You fly upwards.
You feel your anger nearly subside.
You feel very sick.
There is a stone staircase leading down here.
You miss Aizul. Your headbutt misses Aizul.
You feel sick. Aizul barely misses you.
You miss Aizul. You headbutt Aizul!
You feel sick. Aizul hits you but does no damage.
You slice Aizul!! You burn Aizul. Aizul casts a spell at you.
The poison arrow hits you!
You are more poisoned.
You partially resist.
You die...

..P..#PPPPP.......≈≈.≈≈≈≈≈≈≈≈≈≈≈≈
.P..≈≈PPPP..#........≈≈≈≈≈≈≈≈≈≈≈≈
.##..P≈P##.###.......≈≈≈≈≈≈≈≈≈≈≈≈
.###PPPPP..###..##..≈≈≈≈≈≈≈≈≈≈≈≈≈
.....P≈≈P.......###.≈≈≈≈≈≈≈≈≈≈≈≈≈
.≈.P...≈............≈≈≈≈≈≈≈≈≈≈≈≈≈
≈≈≈≈.P.≈...≈........≈≈≈≈≈≈≈≈≈≈≈≈≈
≈≈≈≈≈P≈≈≈≈≈≈.........≈≈≈≈≈≈≈≈≈≈≈≈
≈≈≈≈.≈≈≈≈≈≈.....@....≈≈≈≈≈≈≈≈≈≈≈≈
≈≈)≈≈≈≈≈≈....##..S≈..≈≈≈≈≈≈....≈≈
.≈≈≈≈≈≈≈≈.≈≈.###.....≈≈≈≈≈.......
.†.≈≈≈≈≈≈≈≈≈........≈≈≈≈≈..####..
≈†..≈≈≈≈.≈......≈..≈≈≈≈≈≈.## #..
≈...≈≈≈≈....##......≈.≈≈≈.# ##.
.....≈..≈....##....≈≈..≈≈.## #.
..#.>...≈≈.......≈≈≈≈≈≈≈≈≈)## ##.
.##.....≈≈≈≈....†≈≈≈≈≈≈.....###..


You could see Aizul.

Vanquished Creatures
  Jorgrun (D:15)
  Gastronok (Lair:1)
  A kraken (Shoals:1)
  Ilsuiw (Shoals:2)
  An orc warlord (Orc:1)
  A cacodemon (Orc:1)
  A very ugly thing (Orc:1)
  3 dire elephants (Lair:6)
  Azrael (D:15)
  The ghost of Forrutt the Severer, a journeyman HOFi of Yredelemnul (Orc:1)
  A minotaur (Lair:2)
  Josephine (D:10)
  A merfolk javelineer (Shoals:2)
  A merfolk impaler (Shoals:2)
  A fire dragon (D:15)
  An ice dragon (D:15)
  8 hydras
  3 boulder beetles
  A great orb of eyes (Orc:1)
  A rakshasa (Orc:1)
  A catoblepas (Shoals:2)
  An ogre mage (D:14)
  A satyr (Shoals:2)
  8 two-headed ogres
  The ghost of Taurus the Cleaver, a novice MiFi of the Shining One (Lair:2)
  A death knight (D:12)
  6 death yaks
  8 centaur warriors
  An orc high priest (Orc:2)
  6 tengu warriors
  Nergalle (Lair:1)
  2 spectral death yaks (Lair:6)
  3 skeletal warriors (D:15)
  A spectral anaconda (Lair:6)
  3 sea snakes (Shoals:1)
  Pikel (D:5)
  A bog body (IceCv)
  An obsidian statue (Lair:6)
  An orc knight (Orc:1)
  16 harpies
  7 necromancers
  A wizard (Orc:1)
  2 deep elf pyromancers
  5 orc sorcerers
  18 ugly things
  9 fauns (Shoals:1)
  A cyclops (shapeshifter) (D:13)
  5 black mambas
  16 elephants
  Joseph (D:8)
  9 cyclopes
  4 merfolk sirens
  6 manticores
  2 ice statues (IceCv)
  2 water nymphs (Shoals:2)
  Psyche (D:8)
  2 large abominations (Abyss:2)
  16 cane toads
  2 dire elephant skeletons (Lair:6)
  Maggie (D:10)
  9 komodo dragons
  2 unseen horrors (D:12)
  A komodo dragon (shapeshifter) (D:14)
  An efreet (D:12)
  3 anaconda simulacra (IceCv)
  2 kobold demonologists (D:13)
  2 rime drakes (Lair:6)
  2 guardian mummies (D:12)
  2 ancient zymes (Abyss:2)
  2 tengu conjurers
  The ghost of turdburglar the Sneak, a novice KoEn (D:5)
  3 entropy weaver simulacra (IceCv)
  3 wind drakes
  2 hellwings
  8 ice devils
  A queen bee (D:11)
  2 polar bears
  7 trolls
  12 merfolk
  A hornet (D:9)
  A hornet (shapeshifter) (D:13)
  Grinder (D:6)
  24 blink frogs
  3 spectral elephants (Lair:6)
  13 slime creatures
  4 snapping turtles
  3 dire elephant simulacra
  A vampire (D:12)
  5 wraiths
  4 shadows (D:12)
  5 wyverns
  A culicivora (Lair:4)
  2 basilisks
  20 yaks
  3 fire elementals (D:15)
  19 humans (D:14)
  2 water elementals
  A hog (shapeshifter) (D:12)
  A small abomination (Abyss:2)
  10 vampire mosquitoes
  A spectral cane toad (Lair:6)
  2 wargs
  A death yak simulacrum (Lair:6)
  2 steam dragons
  2 harpy simulacra (IceCv)
  3 acid dragons
  17 water moccasins
  4 hell hounds (D:15)
  2 sky beasts
  28 orc warriors
  An ice beast (D:5)
  7 black bears
  5 wolves (Lair:3)
  10 ogres
  29 centaurs
  3 elephant zombies (Lair:6)
  5 boggarts (D:15)
  2 phantoms (D:5)
  A lemure (D:5)
  An elephant skeleton (Lair:6)
  5 kobold brigands
  2 necrophages
  14 bullfrogs
  3 gnoll sergeants
  2 scorpions
  6 cane toad simulacra
  8 wights
  4 elephant simulacra (Lair:6)
  24 killer bees
  4 howler monkeys
  8 electric eels
  2 lava snakes (Lair:3)
  10 starcursed masses (Abyss:2)
  3 jellies
  5 hounds
  25 orc priests
  4 iguanas
  43 orc wizards
  10 hell rats
  A troll simulacrum (IceCv)
  19 adders
  9 gnolls
  A naga simulacrum (IceCv)
  4 river rats
  A shadow imp (D:6)
  A white imp (D:8)
  2 ufetubi
  2 worms
  4 dart slugs
  81 orcs
  14 ball pythons
  6 endoplasms
  A giant cockroach (D:5)
  15 goblins
  10 hobgoblins
  A jackal (Sewer)
  A quokka (D:1)
  4 bats
  9 frilled lizards
  6 kobolds
  5 rats
899 creatures vanquished.

Vanquished Creatures (collateral kills)
  A vault guard (D:14)
  2 humans (D:14)
  An orc warrior (Bailey)
  An orc wizard (D:7)
  4 gnolls (D:5)
  7 orcs
16 creatures vanquished.

Vanquished Creatures (others)
  Polyphemus (Shoals:2)
  An unseen horror (D:12)
  2 orc warriors (Bailey)
  2 gnolls
  4 orcs
  8 foxfires (Abyss:2)
  23 fungi
  A lurking horror (Abyss:2)
  68 plants
  4 tentacles (Shoals:1)
  15 withered plants (Lair:6)
129 creatures vanquished.

Grand Total: 1044 creatures vanquished

Notes
Turn   | Place    | Note
-------+----------+-------------------------------------------
     0 | D:1      | Pooter the Minotaur Berserker began the quest for the Orb.
     0 | D:1      | Reached XP level 1. HP: 19/19 MP: 0/0
   165 | D:1      | Reached skill level 4 in Axes
   253 | D:1      | Reached XP level 2. HP: 24/27 MP: 1/1
   665 | D:1      | Found a faded altar of an unknown god.
   919 | D:2      | Reached XP level 3. HP: 31/33 MP: 2/2
  1150 | D:2      | Reached ** piety under Trog
  1494 | D:3      | Reached skill level 5 in Axes
  1833 | D:3      | Reached XP level 4. HP: 41/41 MP: 3/3
  1851 | D:3      | Reached skill level 1 in Shields
  1875 | D:3      | Reached skill level 1 in Evocations
  2050 | D:3      | Reached XP level 5. HP: 47/47 MP: 4/4
  2487 | D:4      | Found Fejoysh's Elemental Accessories.
  2494 | D:4      | Found a radiant altar of Vehumet.
  2523 | D:4      | Bought a wand of iceblast (6) for 130 gold pieces
  2821 | D:4      | Reached skill level 6 in Axes
  2913 | D:4      | Reached XP level 6. HP: 40/55 MP: 5/5
  3073 | D:4      | Found Nueczuc's Jewellery Shoppe.
  3079 | D:4      | Reached skill level 5 in Fighting
  3166 | D:4      | Found a glowing silver altar of Zin.
  3316 | D:5      | Entered Level 5 of the Dungeon
  3360 | D:5      | Found a glowing drain.
  3368 | D:5      | Reached *** piety under Trog
  3377 | Sewer    | Entered a sewer
  3751 | Sewer    | Reached XP level 7. HP: 61/61 MP: 6/6
  4009 | Sewer    | Reached skill level 7 in Axes
  4196 | D:5      | Upgraded the game from 0.29-a0-542-g075992c915 to
                  | 0.29-a0-551-gffc1d7fb78
  4456 | D:5      | Reached XP level 8. HP: 54/70 MP: 7/7
  4583 | D:5      | Reached skill level 8 in Axes
  4639 | D:5      | Found a runed translucent gate.
  4641 | D:5      | Found a runed translucent gate.
  4641 | D:5      | Found a runed translucent gate.
  4644 | D:5      | Noticed turdburglar's ghost (novice KoEn)
  4846 | D:5      | Noticed Pikel
  4849 | D:6      | Found a staircase to the Ecumenical Temple.
  4895 | D:5      | Killed Pikel
  4896 | D:5      | Reached skill level 9 in Axes
  4911 | D:5      | Reached XP level 9. HP: 55/79 MP: 8/8
  5118 | D:5      | Reached skill level 10 in Axes
  5834 | D:6      | Reached skill level 5 in Evocations
  5892 | D:6      | Noticed Grinder
  5907 | D:6      | Paralysed by something for 3 turns
  5910 | D:6      | Killed Grinder
  5911 | D:6      | Reached skill level 11 in Axes
  6135 | D:6      | Reached **** piety under Trog
  7025 | D:7      | Reached skill level 12 in Axes
  7157 | D:7      | Reached XP level 10. HP: 78/90 MP: 9/9
  8066 | D:8      | Noticed Psyche
  8075 | D:8      | Killed Psyche
  8076 | D:8      | Noticed Joseph
  8093 | D:8      | Killed Joseph
  8094 | D:8      | Reached skill level 13 in Axes
  8171 | D:8      | Found a blossoming altar of Fedhas.
  8248 | D:8      | Found an iron altar of Okawaru.
  8788 | D:9      | Found a flagged portal.
  8853 | Bailey   | Entered a bailey
  9522 | Bailey   | Reached skill level 10 in Fighting
  9879 | Bailey   | Reached skill level 14 in Axes
 10240 | D:9      | Reached skill level 5 in Armour
 10240 | D:9      | Reached XP level 11. HP: 101/101 MP: 10/10
 10561 | D:9      | Identified the amulet of Quruima {RegenMP Fly Regen+ Str+3
                  | Int+2 SInv}
 10606 | D:9      | Found a staircase to the Orcish Mines.
 10611 | Orc:1    | Entered Level 1 of the Orcish Mines
 10827 | Orc:1    | Found a one-way gate to the infinite horrors of the Abyss.
 10827 | Orc:1    | Noticed Forrutt's ghost (journeyman HOFi)
 10835 | Orc:1    | Noticed a green ugly thing
 10838 | Orc:1    | Noticed a rakshasa
 10838 | Orc:1    | Noticed an orc warlord
 10840 | Orc:1    | Noticed a white very ugly thing
 10841 | Orc:1    | Noticed a wizard
 11102 | D:4      | Bought the ring of Tatricaa {rPois Str+4 Dex+2} for 514
                  | gold pieces
 11364 | Orc:1    | Found a transporter.
 11371 | Orc:1    | Noticed a cacodemon
 11376 | Orc:1    | Found a transporter.
 11525 | Orc:1    | Noticed a great orb of eyes
 11552 | Orc:1    | Reached skill level 1 in Slings
 11604 | Orc:1    | Noticed an orc sorcerer
 11612 | Orc:1    | Killed an orc sorcerer
 11666 | Orc:1    | Noticed an orc knight
 11681 | Orc:1    | Killed an orc knight
 11898 | Orc:2    | Entered Level 2 of the Orcish Mines
 12029 | Orc:2    | Found a staircase to the Elven Halls.
 12068 | Orc:2    | Found Picsem's Magic Scroll Boutique.
 12077 | Orc:2    | Bought a scroll of identify for 22 gold pieces
 12077 | Orc:2    | Bought a scroll of brand weapon for 220 gold pieces
 12094 | Orc:2    | Bought a scroll of identify for 22 gold pieces
 12133 | Orc:1    | Reached ***** piety under Trog
 12208 | Orc:2    | Bought a scroll of silence for 82 gold pieces
 12382 | Orc:2    | Noticed an orc sorcerer
 12385 | Orc:2    | Noticed an orc sorcerer
 12390 | Orc:2    | Killed an orc sorcerer
 12390 | Orc:2    | Noticed an orc sorcerer
 12391 | Orc:2    | Reached skill level 15 in Axes
 12394 | Orc:2    | Noticed an orc sorcerer
 12503 | Orc:2    | Killed an orc sorcerer
 12519 | Orc:2    | Noticed an orc high priest
 12523 | Orc:2    | Noticed a soul eater
 12529 | Orc:2    | Killed an orc high priest
 12529 | Orc:2    | Received a gift from Trog
 12544 | Orc:2    | Killed an orc sorcerer
 12550 | Orc:2    | Killed an orc sorcerer
 12757 | Orc:2    | Found Xeagagary's Magic Scroll Emporium.
 12757 | Orc:2    | Found Bacos's Assorted Antiques.
 12758 | Orc:2    | Found Muybyod's General Store.
 12762 | Orc:2    | Found Salyuz's Magic Scroll Shoppe.
 12765 | Orc:2    | Bought a scroll of identify for 22 gold pieces
 12765 | Orc:2    | Bought a scroll of identify for 22 gold pieces
 12765 | Orc:2    | Bought a scroll of poison for 38 gold pieces
 12765 | Orc:2    | Bought a scroll of identify for 22 gold pieces
 12765 | Orc:2    | Identified a scroll of acquirement
 12766 | Orc:2    | Acquired a +4 broad axe of flaming
 13022 | D:10     | Entered Level 10 of the Dungeon
 13310 | Orc:2    | Bought a scroll of teleportation for 33 gold pieces
 13494 | D:10     | Noticed Josephine
 13504 | D:10     | Killed Josephine
 13505 | D:10     | Reached XP level 12. HP: 110/110 MP: 11/11
 13601 | D:10     | Found a staircase to the Lair.
 13854 | D:10     | Noticed Maggie
 13861 | D:10     | Killed Maggie
 13903 | D:10     | Noticed a two-headed ogre
 13911 | D:10     | Killed a two-headed ogre
 14039 | D:10     | Reached skill level 16 in Axes
 14118 | D:10     | Found Hic Cull's Armour Emporium.
 14259 | Lair:1   | Entered Level 1 of the Lair of Beasts
 14378 | Lair:1   | Reached skill level 5 in Slings
 14478 | Lair:1   | Noticed Gastronok
 14488 | Lair:1   | Noticed Nergalle
 14498 | Lair:1   | Killed Nergalle
 14499 | Lair:1   | Reached skill level 10 in Armour
 14539 | Lair:1   | Killed Gastronok
 15203 | Lair:2   | Found a frozen archway.
 15220 | IceCv    | Entered an ice cave
 15265 | IceCv    | Received a gift from Trog
 15271 | IceCv    | Reached skill level 17 in Axes
 15271 | IceCv    | Reached XP level 13. HP: 58/119 MP: 12/12
 15822 | Lair:2   | Noticed Taurus's ghost (novice MiFi)
 15826 | Lair:2   | Noticed a minotaur
 15839 | Lair:2   | Found a runed translucent gate.
 15839 | Lair:2   | Found a runed translucent gate.
 15839 | Lair:2   | Found a runed translucent gate.
 15860 | Lair:2   | Killed Taurus's ghost
 15862 | Lair:2   | Killed a minotaur
 15909 | Lair:2   | Identified the +6 rapier of Ingypt {pain, Str+9}
 15966 | Lair:2   | Identified the +5 flail "Henliys" {vorpal, Drain rF+ Str+5}
 16375 | Lair:3   | Found a staircase to the Shoals.
 16760 | Lair:3   | Reached skill level 18 in Axes
 17279 | Lair:4   | Reached skill level 10 in Evocations
 17330 | Lair:4   | Reached skill level 1 in Stealth
 17590 | Lair:4   | Found a hole to the Spider Nest.
 18143 | Lair:5   | Reached skill level 5 in Shields
 18281 | Lair:5   | Reached XP level 14. HP: 122/130 MP: 13/13
 18455 | D:10     | Bought the +2 cloak of Context {Int+4 Slay+3} for 595 gold
                  | pieces
 19138 | Lair:6   | Entered Level 6 of the Lair of Beasts
 19160 | Lair:6   | Found a viscous altar of Jiyva.
 19160 | Lair:6   | Found a staircase to the Slime Pits.
 19249 | Lair:6   | Acquired 1135 gold pieces
 19806 | Lair:6   | Reached skill level 5 in Dodging
 19831 | Lair:6   | Reached skill level 15 in Armour
 20538 | D:11     | Reached skill level 1 in Crossbows
 21070 | D:11     | Upgraded the game from 0.29-a0-551-gffc1d7fb78 to
                  | 0.29-a0-553-g81b289dbe5
 21256 | D:12     | Identified the +6 shortbow of the Shoals {speed, rN+ Dex+2}
 21268 | D:12     | Received a gift from Trog
 21273 | D:12     | Reached XP level 15. HP: 134/139 MP: 14/14
 21284 | D:12     | Reached skill level 15 in Fighting
 21479 | D:12     | Found Buck's Antique Weapon Shop.
 21535 | D:12     | Reached skill level 5 in Crossbows
 21812 | D:12     | Found a portal to a secret trove of treasure.
 22746 | D:13     | You are sucked into a shaft and drop 2 floors!
 22746 | D:15     | Entered Level 15 of the Dungeon
 22771 | D:14     | Reached skill level 19 in Axes
 22819 | D:14     | Received a gift from Trog
 23921 | D:14     | Found a glowing golden altar of the Shining One.
 24150 | D:14     | Reached XP level 16. HP: 150/150 MP: 15/15
 24160 | D:14     | Found a gate to the Vaults.
 24163 | D:14     | Reached skill level 10 in Crossbows
 24165 | D:14     | Reached skill level 20 in Axes
 24609 | D:15     | Received a gift from Trog
 24630 | D:15     | Noticed Azrael
 24641 | D:15     | Killed Azrael
 24642 | D:15     | Reached XP level 17. HP: 158/158 MP: 16/16
 24651 | D:15     | Noticed Jorgrun
 24661 | D:15     | Killed Jorgrun
 25059 | D:15     | Found a staircase to the Depths.
 25654 | D:5      | Killed turdburglar's ghost
 25813 | Orc:1    | Killed Forrutt's ghost
 25818 | Orc:1    | Cast into level 2 of the Abyss (orc warlord)
 25968 | Abyss:2  | Paralysed by accursed screaming for 2 turns
 25983 | Abyss:2  | Paralysed by accursed screaming for 2 turns
 25985 | Abyss:2  | HP: 4/159 [starcursed mass/accursed screaming (6)]
 25999 | Orc:1    | Escaped the Abyss
 26283 | Shoals:1 | Entered Level 1 of the Shoals
 26283 | Shoals:1 | Found Colu's Jewellery Shoppe.
 26314 | Shoals:1 | Reached skill level 5 in Stealth
 26318 | Shoals:1 | Bought the ring of the Clam {rPois rN+ Str+4 Int+4} for 864
                  | gold pieces
 26959 | Shoals:1 | Noticed a kraken
 26967 | Shoals:1 | Killed a kraken
 26968 | Shoals:1 | Reached skill level 21 in Axes
 27413 | Shoals:2 | Noticed Polyphemus
 27424 | Shoals:2 | Killed Polyphemus
 27646 | Shoals:2 | Reached skill level 1 in Throwing
 27710 | Shoals:2 | Noticed Ilsuiw
 27723 | Shoals:2 | Killed Ilsuiw
 27795 | Shoals:2 | Gained mutation: You have large cloven feet. [potion of
                  | mutation]
 27796 | Shoals:2 | Lost mutation: You have large cloven feet. [potion of
                  | mutation]
 27796 | Shoals:2 | Gained mutation: You are strong-willed. (Will+) [potion of
                  | mutation]
 27796 | Shoals:2 | Gained mutation: Your mind is acute. (Int +2) [potion of
                  | mutation]
 28386 | Shoals:3 | Noticed Aizul
 28400 | Shoals:3 | HP: 9/240 [satyr/arrow (10)]
 28404 | Shoals:2 | Killed from afar by Aizul

Illustrated notes

Levels and vault maps discovered:
D:1:      scummos_arrival_star, layout_loops_ring,
          hellmonk_ecumenical_altar_zigzags, st_stairs_8
D:2:      layout_basic, mrwooster_statue_mirror, grunt_ministairs_15
D:3:      layout_loops_cross, minmay_snake_closets
D:4:      kennysheep_the_goblin_king, layout_loops_ring, vehumet_crystals,
          zin_treasury, serial_shops, shop_statue, minmay_crystal_room,
          nicolae_elemental_shop
D:5:      layout_loops_ring, ebering_ghost_rock_garden, portal_sewer_entry_b,
          uniq_pikel
D:6:      layout_basic, temple_statues, uniq_grinder
D:7:      layout_loops_cross
D:8:      layout_layer_cave, okawaru_gym_becter, fedhas_ov_isle_minmay,
          uniq_psyche, uniq_joseph
D:9:      layout_roguey, orc_0_dummy, enter_bailey_8
D:10:     layout_basic, lair_entry_dummy, serial_shops, shop, centaur_isle,
          uniq_josephine, uniq_maggie
D:11:     layout_irregular_city, minivault_7
D:12:     minmay_the_grid_octo_tiled_squarecenter [minmay_the_grid_octo_focus,
          minmay_the_grid_octo_fan_narrow, minmay_the_grid_octo_checkerflower,
          minmay_the_grid_octo_horde,
          minmay_the_grid_square_5x5_megaprize_checkered,
          minmay_the_grid_square_5x5_v, minmay_the_grid_square_5x5_two_walls_a,
          minmay_the_grid_square_5x5_checkered,
          minmay_the_grid_square_5x5_bite], layout_long_grid,
          nicolae_trove_entry_path_of_doom, serial_shops, shop
D:13:     layout_long_grid
D:14:     layout_gridville, grunt_vaults_entry_tiered, tso_altar, st_stairs_10,
          minmay_fractal_squares_diagonal_5
D:15:     grunt_enter_depths_hoard, layout_grid_maze, uniq_jorgrun, uniq_azrael
Lair:1:   layout_concentric_octagons, grunt_megastairs_1, uniq_nergalle,
          uniq_gastronok
Lair:2:   layout_misc_corridors, portal_ice_cave_entry_pillars_2,
          maelrawn_ghost_gauntlet_escape, lemuel_fruit_fields
Lair:3:   layout_roguey, minmay_shoals_entry_lonely_mermaid,
          nicolae_lair_liquid_snakes
Lair:4:   layout_regular_city, spider_nest_entry_rubble, lemuel_fruit_fields
Lair:5:   layout_long_grid, grunt_megastairs_4, infiniplex_staircase_pool,
          serial_bayou_shore_b, serial_bayou_shore_a
Lair:6:   due_jungle_book, layout_gridlike, slime_altar_1, grunt_megastairs_2,
          serial_bayou_shore_b
Shoals:1: layout_shoals, serial_shops, nicolae_shop_window_shopping
Shoals:2: layout_shoals, uniq_ilsuiw, uniq_polyphemus
Shoals:3: layout_shoals, nicolae_shoals_loop_pool, uniq_mlioglotl, uniq_aizul,
          uniq_bai_suzhen, uniq_louise
Orc:1:    layout_caves, gammafunk_ghost_abyssal_escape
Orc:2:    st_orc_mages, layout_caves, serial_shops, nicolae_square_shop

Skill      XL: |  1  2  3  4  5  6  7  8  9 10 11 12 13 14 15 16 17 |
---------------+----------------------------------------------------+-----
Axes           | 4 5 6 7 9 12 14 15 17 18 19 20 21 | 21.1
Fighting       | 4 5 6 7 8 10 11 12 13 14 16 | 16.9
Shields        | 1 2 3 4 5 7 |  7.4
Evocations     | 1 2 3 4 5 7 8 9 10 | 10.0
Armour         | 3 4 5 8 11 13 15 16 | 16.0
Slings         | 4 6 |  6.8
Stealth        | 2 4 6 |  6.0
Dodging        | 3 5 6 8 |  8.3
Crossbows      | 3 9 10 | 10.7
Throwing       | 1 |  1.7

Action                   |  1- 3 |  4- 6 |  7- 9 | 10-12 | 13-15 | 16-18 || total
-------------------------+-------+-------+-------+-------+-------+-------++-------
Melee: Hand axe          |    22 |       |       |       |       |       ||    22
       Headbutt          |     7 |    16 |    43 |    52 |   155 |    75 ||   348
       Mace              |    59 |   115 |   102 |       |       |       ||   276
       War axe           |       |       |   140 |   238 |       |       ||   378
       Broad axe         |       |       |       |   133 |   662 |   261 ||  1056
       Executioner's axe |       |       |       |       |    38 |       ||    38
       Punch             |       |       |       |       |     3 |     5 ||     8
 Fire: Hunting sling     |       |       |       |   209 |    96 |       ||   305
       Hand crossbow     |       |       |       |       |       |    62 ||    62
Throw: Stone             |       |     4 |     1 |       |     1 |       ||     6
       Dart              |       |     5 |    17 |     8 |       |       ||    30
       Javelin           |       |       |       |    21 |    23 |     9 ||    53
Invok: Trog's Hand       |       |     1 |     7 |    19 |    22 |    12 ||    61
       Berserk           |       |     2 |     4 |     8 |     5 |     4 ||    23
       Brothers in Arms  |       |       |       |       |       |     1 ||     1
Evoke: Wand              |       |     2 |    14 |    22 |    11 |    16 ||    65
       Phantom mirror    |       |       |       |       |       |     1 ||     1
  Use: Scroll            |     4 |     4 |     7 |    21 |    18 |     6 ||    60
       Potion            |       |       |     1 |     5 |     4 |     5 ||    15
 Stab: Invisible         |       |       |       |     4 |       |       ||     4
       Distracted        |       |       |       |       |     1 |     1 ||     2
       Paralysed         |       |       |       |       |       |     3 ||     3
Armor: Ring mail         |    17 |       |       |       |       |       ||    17
       Animal skin       |     1 |       |       |       |       |       ||     1
       Plate armour      |    20 |    83 |   126 |   142 |   493 |   254 ||  1118
       Chain mail        |       |       |       |    63 |       |       ||    63
Dodge: Dodged            |    28 |    24 |    82 |   157 |   286 |   176 ||   753
Block: Buckler           |     7 |    23 |    67 |   130 |    79 |       ||   306
       Reflection        |       |       |       |     5 |       |       ||     5

Table legend: (Time is in decaauts)
 A = Elapsed time spent in this place.
 B = Non-inter-level travel time spent in this place.
 C = Inter-level travel time spent in this place.
 D = Time resting spent in this place.
 E = Time spent auto-exploring this place.
 F = Levels seen in this place.
 G = Mean time per level.
                   A        B        C        D        E       F      G
               +--------+--------+--------+--------+--------+-----+--------+
         Total |  28533 |  26137 |   2396 |   3105 |  16783 |  30 |  951.1 |
       Dungeon |  15772 |  14140 |   1632 |   1026 |  10154 |  15 | 1051.5 |
          Lair |   5462 |   4972 |    490 |    153 |   3678 |   6 |  910.3 |
        Shoals |   2106 |   2076 |     30 |    290 |   1391 |   3 |  702.0 |
  Orcish Mines |   2195 |   1952 |    243 |    266 |    989 |   2 | 1097.5 |
         Abyss |    174 |    174 |      0 |     69 |      0 |   1 |  174.0 |
         Sewer |    859 |    859 |      0 |    322 |    317 |   1 |  859.0 |
        Bailey |   1384 |   1384 |      0 |    745 |    216 |   1 | 1384.0 |
      Ice Cave |    578 |    578 |      0 |    232 |     38 |   1 |  578.0 |
               +--------+--------+--------+--------+--------+-----+--------+

Top non-repeatable levels by time:
     D:5: 1496 daAuts
  Bailey: 1384 daAuts
     D:8: 1381 daAuts
    D:14: 1377 daAuts
     D:9: 1277 daAuts
     D:6: 1187 daAuts
  Lair:6: 1160 daAuts
     D:4: 1126 daAuts
Shoals:1: 1118 daAuts
   Orc:1: 1116 daAuts
    D:12: 1088 daAuts
   Orc:2: 1078 daAuts
    D:10: 1013 daAuts
  Lair:1: 997 daAuts
     D:7: 984 daAuts
